 Dungeon Crawl Stone Soup version 0.32-a0-685-g93135e86f0 (webtiles) character file.

Game seed: 14779452615087456637

13132 ytrimaz the Cleaver (level 12, 0/86 HPs)
             Began as a Coglin Gladiator on Mar 12, 2024.
             Was a High Priest of Okawaru.
             Slain by a fire crab (8 damage)
             ... on level 10 of the Dungeon.
             The game lasted 00:10:51 (10267 turns).

ytrimaz the Cleaver (Coglin Gladiator)             Turns: 10267, Time: 00:10:51

Health: 0/86       AC: 19    Str: 20    XL:     12   Next: 2%
Magic:  17/17      EV:  7    Int:  7    God:    Okawaru [*****.]
Gold:   578        SH:  0    Dex: 16    Spells: 11/11 levels left

rFire   . . .        a - +2 war axe (vamp) {Gaius}
rCold   . . .        l - +2 whip (elec) {Isabel}
rNeg    . . .        b - +0 plate armour
rPois   .            c - +1 helmet
rElec   .            (no cloak)
rCorr   .            x - +1 pair of gloves
SInv    .            (no boots)
Will    .....        (amulet unavailable) Stlth
                     (ring unavailable)
HPRegen 0.34/turn    (ring unavailable)
MPRegen 0.15/turn    (no gizmo)

%: no passive effects
@: revving
A: off-hand wielding, slow wielding, warmup strikes, no jewellery
a: Invent Gizmo, Renounce Religion, Heroism, Finesse, Duel


You were on level 10 of the Dungeon.
You worshipped Okawaru.
Okawaru was extremely pleased with you.
You visited 2 branches of the dungeon, and saw 11 of its levels.
You also visited: Sewer.

You collected 578 gold pieces.


Innate Abilities, Weirdness & Mutations

You can wield a second weapon in your off-hand.
It takes a long time for you to wield or remove held weapons.
Your first few attacks do less damage.
You cannot equip rings or amulets.


   Skills:
 - Level 5.0 Fighting
 + Level 12.7 Axes
 - Level 1.7 Throwing
 + Level 10.0 Armour
 - Level 2.6 Dodging
 - Level 7.0 Invocations


You had 11 spell levels left.
You didn't know any spells.
Your spell library contained the following spells:

 Spells                   Type           Power      Damage    Failure   Level
 Inner Flame              Hex/Fire       0%         N/A       100%        3
 Brom's Barrelling Bould  Conj/Erth      0%         2d3       100%        4
 Dimensional Bullseye     Hex/Tloc       0%         N/A       100%        4
 Iskenderun's Mystic Bla  Conj/Tloc      0%         2d3       100%        4
 Fireball                 Conj/Fire      0%         3d3       100%        5
 Irradiate                Conj/Alch      0%         3d11      100%        5
 Iskenderun's Battlesphe  Conj           0%         2d6       100%        5
 Conjure Ball Lightning   Conj/Air       0%         3x3d6     100%        6
 Orb of Destruction       Conj           0%         9d5       100%        7
 Ignition                 Fire           0%         3d3       100%        8
 Summon Small Mammal      Summ           Unusable   N/A       N/A         1
 Call Canine Familiar     Summ           Unusable   N/A       N/A         3
 Tukima's Dance           Hex            Unusable   N/A       N/A         3
 Summon Blazeheart Golem  Fire/Summ      Unusable   N/A       N/A         4

Inventory:

Hand Weapons
 a - a +2 vampiric war axe (weapon) {Gaius}
 f - a +0 dagger {Ilshubani}
 l - a +2 whip of electrocution (offhand) {Isabel}
   (You took it off a kobold on level 4 of the Dungeon)
 m - a +1 dagger of draining {Iseul}
   (You took it off a goblin on level 1 of the Dungeon)
Missiles
 d - 3 throwing nets (quivered)
 e - 2 javelins
Armour
 b - a +0 plate armour (worn)
   (You took it off an orc warrior on level 7 of the Dungeon)
 c - a +1 helmet (worn)
 x - a +1 pair of gloves (worn)
   (You found it on level 6 of the Dungeon)
Wands
 u - a wand of flame (13)
   (You found it on level 7 of the Dungeon)
 z - a wand of iceblast (6)
   (You found it on level 8 of the Dungeon)
 D - a wand of polymorph (6)
   (You found it on level 9 of the Dungeon)
Scrolls
 h - a scroll of torment
 i - 3 scrolls of amnesia
 j - 4 scrolls of poison
 k - a scroll of fog
 n - a scroll of revelation
 p - a scroll of immolation
 q - 2 scrolls of enchant armour
 s - 4 scrolls of identify
 t - a scroll of enchant weapon
 y - 4 scrolls of teleportation
Potions
 g - a potion of attraction
 o - 5 potions of enlightenment
 r - a potion of mutation
 v - a potion of berserk rage
 w - 3 potions of curing
 A - 2 potions of might
 B - a potion of haste
 C - a potion of lignification

Dungeon Overview and Level Annotations

Branches:
Dungeon (10/15) Zot: 26789  Temple (1/1) D:4 Zot: 5969    Lair (0/5) D:10
  Sewer (visited)
    Orc: D:9-12

Altars:
Ashenzari
Cheibriados
Dithmenos
Elyvilon
Fedhas
Gozag
Hepliaklqana
Kikubaaqudgha
Makhleb
Nemelex Xobeh
Okawaru
Qazlal
Ru
Sif Muna
Trog
Uskayaw
Vehumet
Wu Jian
Xom
Yredelemnul
Zin
The Shining One

Shops:
D:6

: ###################
##....................
##.....................
##......................
##.......................
#........................
...................(.....
...()....................
................@........
..†[...........t###......
................# ......
.....(..........###......
.........................
.........................
.......................##
......................##
......................#


You could see a fire crab.


Message History

You hit the ice beast but do no damage. You hit Fannar but do no damage.
Lightning courses through Fannar!
Fannar casts a spell.
The ice beast hits you but does no damage.
The ice beast hits you. The ice beast freezes you!
Unknown command.
You miss Fannar with your +2 vampiric war axe.
You slash the ice beast with your +2 vampiric war axe!
You kill the ice beast!
The ice beast disappears in a puff of smoke!
You hit the ice beast with your +2 vampiric war axe.
You completely miss Fannar with your +2 whip of electrocution.
Fannar points at you and mumbles some strange words.
The bolt of cold hits you but does no damage. 😮 HP[+1] Unknown command.
You hit Fannar with your +2 whip of electrocution.
You hit Fannar with your +2 vampiric war axe.
You kill Fannar!
Okawaru accepts your kill. Okawaru grants you throwing weapons!
Something appears at your feet!
The ice beast disappears in a puff of smoke! x2
Your Armour skill increases to level 10!
You have reached level 12!
You feel stronger. 😮 HP[+4] MP[+1]
You now have 86 max hp (+7).
You regained 4 hp, and now have 46/86 hp.
Your mp is fully restored (17).
Things that are here:
a +0 quarterstaff of freezing; a +1 robe of cold resistance; a ring of ice You see here 2 boomerangs.
Key pressed, stopping explore.
Key pressed, stopping explore.
Unknown command. 😕 HP[+34]
You regained 34 hp, and now have 80/86 hp.
Key pressed, stopping explore.
Unknown command. 😎 HP[+6]
Your hp is fully restored (86).
Found a staircase to the Lair.
A fire crab comes into view.
Unknown command.
A fire crab is nearby!
The fire crab breathes flames at you.
The blast of flame engulfs you but does no damage.
You are engulfed in blazing flames. 😕 HP[-17]
You take 17 damage, and now have 69/86 hp.
Unknown command. 😕 HP[+1] Unknown command. 😕 HP[+1]
The fire crab breathes flames at you.
The fire crab breathes flames at you. 😕 HP[+1]
You are engulfed in blazing flames. 😮 HP[-12]
You take 12 damage, and now have 60/86 hp.
You start resting.
A fire crab is nearby! 😮 HP[+2]
You regained 2 hp, and now have 62/86 hp.
The fire crab bites you.
You are engulfed in flames!
The fire crab claws you.
* * * LOW HITPOINT WARNING * * *
You are engulfed in flames!
* * * LOW HITPOINT WARNING * * *
😨 HP[-28]
You take 28 damage, and now have 34/86 hp.
MASSIVE DAMAGE!! (PAUSE)
You hit the fire crab with your +2 vampiric war axe.
You hit the fire crab but do no damage.
Lightning courses through the fire crab!
The fire crab barely misses you.
The fire crab claws you but does no damage. 😨 HP[+1]
You hit the fire crab with your +2 vampiric war axe.
You feel better.
You hit the fire crab with your +2 whip of electrocution. 😨 HP[+5]
You regained 5 hp, and now have 40/86 hp.
Unknown command.
You hit the fire crab but do no damage. x2; The fire crab bites you.
* * * LOW HITPOINT WARNING * * *
You are engulfed in flames!
* * * LOW HITPOINT WARNING * * *
The fire crab claws you!
* * * LOW HITPOINT WARNING * * *
You are engulfed in flames!
* * * LOW HITPOINT WARNING * * *
Unknown command. 😱 HP[-35]
You take 35 damage, and now have 5/86 hp.
MASSIVE DAMAGE!! (PAUSE)
You slash the fire crab with your +2 vampiric war axe!
You feel better.
You hit the fire crab but do no damage. The fire crab bites you!
You die...

Skill      XL: |  1  2  3  4  5  6  7  8  9 10 11 |
---------------+----------------------------------+-----
Armour         | 1 2 3 4 5 6 7 10 | 10.0
Fighting       | 3 4 5 |  5.0
Axes           | 4 5 6 8 9 10 12 | 12.7
Invocations    | 4 7 |  7.0
Throwing       | |  1.7
Dodging        | |  2.6

Action                     |  1- 3 |  4- 6 |  7- 9 | 10-12 || total
---------------------------+-------+-------+-------+-------++-------
  Melee: Dagger            |    41 |   109 |       |       ||   150
         War axe           |    42 |   117 |   226 |   284 ||   669
         Whip              |       |    12 |   225 |   281 ||   518
  Throw: Throwing net      |       |       |       |     1 ||     1
  Evoke: Wand              |       |       |     2 |       ||     2
    Use: Scroll            |     6 |     2 |     6 |     5 ||    19
         Potion            |       |     1 |     3 |     1 ||     5
   Stab: Sleeping          |       |     1 |       |       ||     1
         Held in net/web   |       |       |       |     1 ||     1
 Armour: Leather armour    |    23 |   128 |   165 |       ||   316
         Ring mail         |       |       |    52 |    30 ||    82
         Plate armour      |       |       |       |   277 ||   277
  Dodge: Dodged            |    36 |   121 |   185 |   104 ||   446

Levels and vault maps discovered:
D:1:      dpeg_arrival_tiny_k, layout_rooms
D:2:      layout_loops_ring, dreamdust_ecumenical_altar_drowned_temple,
          basic_altar, minmay_misc_feat_tower, dreamdust_mushroom_princess,
          roderic_serpentine_path, kennysheep_small_spiral, grunt_ministairs_7,
          uniq_robin
D:3:      layout_loops_ring, uniq_terence
D:4:      layout_basic, nicolae_gozag_seed_capital,
          minmay_temple_entry_junction, portal_sewer_entry_e,
          nicolae_concentric_dashed_squares_mild, minivault_14, roderic_batcave,
          minmay_fractal_squares_5
D:5:      layout_gridville
D:6:      layout_basic, serial_shops, shop, uniq_prince_ribbit1,
          uniq_blork_the_orc, uniq_menkaure
D:7:      layout_loops_ring, minmay_misc_feat_hallway, grunt_potential,
          uniq_duvessa
D:8:      layout_loops_corners, minmay_overflow_temple_star_quad
D:9:      minmay_the_grid_triangle_9x9_rhombus_full
          [minmay_the_grid_triangle_9x9_sprig,
          minmay_the_grid_triangle_9x9_odd_lines,
          minmay_the_grid_triangle_9x9_zippers_horizontal,
          minmay_the_grid_triangle_9x9_checkered,
          minmay_the_grid_triangle_9x9_steps,
          minmay_the_grid_triangle_9x9_thin_v,
          minmay_the_grid_triangle_9x9_corrupted_corridor,
          minmay_the_grid_triangle_9x9_prize_special], layout_basic,
          chequers_jeans
D:10:     layout_big_octagon, minmay_lair_entry_lava,
          dilly_guarded_unrand_elemental_staff, uniq_fannar
Temple:   regret_index_temple_chain_breaker

Notes
Turn   | Place    | Note
-------+----------+-------------------------------------------
     0 | D:1      | ytrimaz the Coglin Gladiator began the quest for the Orb.
     0 | D:1      | Reached XP level 1. HP: 16/16 MP: 1/1
     0 | D:1      | magus.rc [v1.9.6]
   133 | D:1      | Reached XP level 2. HP: 22/22 MP: 2/2
   196 | D:1      | You pick up a book of Callings and begin reading...
   196 | D:1      | You add the spells Summon Small Mammal, Call Canine
                  | Familiar and Summon Blazeheart Golem to your library.
   214 | D:1      | Reached skill level 1 in Armour
   353 | D:1      | Reached XP level 3. HP: 25/28 MP: 3/3
   575 | D:2      | Reached XP level 4. HP: 34/34 MP: 4/4
   598 | D:2      | Reached skill level 3 in Fighting
   612 | D:2      | Noticed Robin
   628 | D:2      | Found a faded altar of an unknown god.
   629 | D:2      | Killed Robin
  1039 | D:2      | You pick up a book of Spontaneous Combustion and begin
                  | reading...
  1039 | D:2      | You add the spells Inner Flame, Irradiate and Ignition to
                  | your library.
  1100 | D:2      | Reached skill level 2 in Armour
  1180 | D:2      | Found a snail-covered altar of Cheibriados.
  1571 | D:3      | Reached XP level 5. HP: 40/41 MP: 5/5
  1649 | D:3      | Reached skill level 4 in Axes
  1699 | D:3      | Noticed Terence
  1708 | D:3      | Killed Terence
  2154 | D:4      | Reached XP level 6. HP: 33/48 MP: 6/6
  2159 | D:4      | Reached skill level 4 in Fighting
  2159 | D:4      | Reached skill level 3 in Armour
  2368 | D:4      | Found an opulent altar of Gozag.
  2415 | D:4      | Found a staircase to the Ecumenical Temple.
  2481 | Temple   | Entered the Ecumenical Temple
  2496 | Temple   | Became a worshipper of Warmaster Okawaru
  2562 | D:4      | Reached skill level 5 in Axes
  2562 | D:4      | Reached XP level 7. HP: 55/55 MP: 7/7
  2571 | D:4      | Found a glowing drain.
  2577 | Sewer    | Entered a sewer
  3574 | D:5      | Entered Level 5 of the Dungeon
  3583 | D:4      | Reached skill level 5 in Fighting
  3824 | D:5      | Reached skill level 4 in Armour
  4055 | D:5      | Reached * piety under Okawaru
  4175 | D:5      | Reached skill level 6 in Axes
  4175 | D:5      | Reached XP level 8. HP: 49/62 MP: 8/8
  4469 | D:5      | Reached skill level 5 in Armour
  4933 | D:6      | Noticed Menkaure
  4938 | D:6      | Killed Menkaure
  4939 | D:6      | Reached skill level 7 in Axes
  4970 | D:6      | Noticed Prince Ribbit
  4992 | D:6      | Killed Prince Ribbit
  4993 | D:6      | Reached skill level 8 in Axes
  5255 | D:6      | Noticed Blork the orc
  5261 | D:6      | Killed Blork the orc
  5261 | D:6      | Reached ** piety under Okawaru
  5417 | D:6      | Reached XP level 9. HP: 68/68 MP: 9/9
  5665 | D:6      | Reached skill level 1 in Invocations
  5786 | D:6      | Found Zuuhurow's Book Shop.
  6024 | D:7      | HP: 17/68 [wyvern (9)]
  6027 | D:7      | Reached skill level 9 in Axes
  6027 | D:7      | Reached skill level 2 in Invocations
  6290 | D:7      | Reached skill level 3 in Invocations
  6321 | D:7      | Noticed Duvessa
  6322 | D:7      | Noticed Dowan
  6330 | D:7      | Killed Duvessa
  6335 | D:7      | Killed Dowan
  6660 | D:7      | Reached *** piety under Okawaru
  6661 | D:7      | Reached skill level 6 in Armour
  6661 | D:7      | Reached skill level 4 in Invocations
  6674 | D:7      | Reached XP level 10. HP: 35/74 MP: 13/13
  6680 | D:7      | Reached skill level 5 in Invocations
  6919 | D:7      | Reached **** piety under Okawaru
  6920 | D:7      | Reached skill level 10 in Axes
  7291 | D:7      | Reached skill level 6 in Invocations
  7307 | D:7      | Reached skill level 7 in Armour
  7900 | D:8      | You pick up a book of the Spheres and begin reading...
  7900 | D:8      | You add the spells Brom's Barrelling Boulder, Iskenderun's
                  | Battlesphere, Fireball, Conjure Ball Lightning and Orb of
                  | Destruction to your library.
  8158 | D:8      | Identified the +2 ring mail of Exclusion {rPois rC- Int+3
                  | SInv}
  8279 | D:8      | Found a hide-covered altar of Uskayaw.
  8283 | D:8      | Found a white marble altar of Elyvilon.
  8286 | D:8      | Found a snail-covered altar of Cheibriados.
  8328 | D:8      | You pick up a book of Weapons and begin reading...
  8328 | D:8      | You add the spells Dimensional Bullseye and Iskenderun's
                  | Mystic Blast to your library.
  8453 | D:9      | Reached ***** piety under Okawaru
  8690 | D:9      | Reached skill level 7 in Invocations
  8758 | D:9      | Reached XP level 11. HP: 69/72 MP: 16/16
  8909 | D:9      | Reached skill level 11 in Axes
  8909 | D:9      | Reached skill level 8 in Armour
  9040 | D:9      | Noticed a two-headed ogre
  9052 | D:9      | Killed a two-headed ogre
  9052 | D:9      | Received a gift from Okawaru
  9265 | D:9      | Found the Hermit's Pendant {Faith Invo=14 Evo=0 MP+5}
  9311 | D:9      | Identified the ring "Mepaesih" {rPois rN+ Str+2}
  9311 | D:9      | Noticed a deep elf pyromancer
  9319 | D:9      | Killed a deep elf pyromancer
  9320 | D:9      | Identified the ring of Departure {Wiz rC+ Will- Str+2}
  9320 | D:9      | Noticed a deep elf pyromancer
  9337 | D:9      | Killed a deep elf pyromancer
  9338 | D:9      | Reached skill level 9 in Armour
  9380 | D:9      | Identified the amulet "Jeschief" {Rampage Will+ Regen+
                  | Dex+3 Stlth+}
  9380 | D:9      | Noticed a centaur warrior
  9402 | D:9      | Killed a centaur warrior
  9403 | D:9      | Reached skill level 12 in Axes
  9410 | D:9      | Noticed a two-headed ogre
  9410 | D:9      | Noticed a cyclops
  9412 | D:9      | Noticed a centaur warrior
  9426 | D:9      | Killed a two-headed ogre
  9431 | D:9      | Killed a cyclops
  9492 | D:9      | Identified the ring "Caehotz" {^Drain rPois rN++ Str+4
                  | Slay+4}
  9499 | D:9      | Killed a centaur warrior
  9766 | D:9      | Identified the +5 rapier "Qeceugg" {freeze, +Blink rF+++
                  | rC- SInv}
 10053 | D:10     | Entered Level 10 of the Dungeon
 10083 | D:10     | Noticed Fannar
 10102 | D:10     | Killed Fannar
 10102 | D:10     | Received a gift from Okawaru
 10103 | D:10     | Reached skill level 10 in Armour
 10103 | D:10     | Reached XP level 12. HP: 46/86 MP: 17/17
 10244 | D:10     | Found a staircase to the Lair.
 10266 | D:10     | HP: 13/86 [fire crab (10)]
 10266 | D:10     | HP: 5/86 [fire crab (8)]
 10267 | D:10     | Slain by a fire crab

Vanquished Creatures
  Fannar (D:10)
  2 centaur warriors (D:9)
  2 two-headed ogres (D:9)
  A cyclops (D:9)
  2 deep elf pyromancers (D:9)
  A komodo dragon (D:7)
  2 kobold demonologists (D:9)
  A troll (D:10)
  Prince Ribbit (D:6)
  A slime creature (D:9)
  A wyvern (D:7)
  10 yaks
  5 steam dragons
  A basilisk (D:9)
  Menkaure (D:6)
  Duvessa (D:7)
  An ice beast (D:7)
  6 orc warriors
  A sky beast (D:7)
  A black bear (D:7)
  3 centaurs
  A phantom (D:5)
  4 kobold brigands
  6 bullfrogs
  Blork the orc (D:6)
  A brain worm (Sewer)
  2 gnoll sergeants
  6 scorpions
  20 wights
  Dowan (D:7)
  4 howler monkeys
  4 hounds
  2 jellies (D:5)
  5 orc priests
  4 gnoll boudas
  Terence (D:3)
  7 iguanas
  10 orc wizards
  A sleepcap (D:7)
  Robin (D:2)
  17 gnolls
  8 adders
  2 river rats (Sewer)
  A white imp (D:6)
  3 dart slugs
  4 ribbon worms
  30 orcs
  20 bats
  5 endoplasms
  6 giant cockroaches
  16 goblins
  7 hobgoblins
  16 jackals
  19 kobolds
  11 quokkas
  13 ball pythons
  5 frilled lizards
  8 rats
  A spectral goblin (D:2)
318 creatures vanquished.

Table legend:
 A = Non-vault XP
 B = Vault XP
 C = Vault XP percentage of total XP
 D = Non-vault monster count
 E = Vault monster count
 F = Vault count percentage of total count
                 A         B        C        D         E       F
            +---------+---------+-------+---------+---------+-------
      Total |    7077 |   11684 |  62.3 |     201 |     117 |  36.8
            +---------+---------+-------+---------+---------+-------
        D:1 |      36 |       0 |   0.0 |      22 |       0 |   0.0
        D:2 |      80 |      42 |  34.4 |      20 |      15 |  42.9
        D:3 |      37 |      36 |  49.3 |      15 |       1 |   6.2
        D:4 |     370 |     102 |  21.6 |      21 |      15 |  41.7
        D:5 |     700 |       0 |   0.0 |      28 |       0 |   0.0
        D:6 |     531 |     518 |  49.4 |      19 |       3 |  13.6
        D:7 |    2004 |    2380 |  54.3 |      34 |      28 |  45.2
        D:8 |     821 |       0 |   0.0 |      11 |       0 |   0.0
        D:9 |    2072 |    7515 |  78.4 |      28 |      24 |  46.2
       D:10 |     426 |     896 |  67.8 |       3 |       1 |  25.0
      Sewer |       0 |     195 | 100.0 |       0 |      30 | 100.0
            +---------+---------+-------+---------+---------+-------

Skill      XL: |  1  2  3  4  5  6  7  8  9 10 11 |
---------------+----------------------------------+-----
Armour         | 1 2 3 4 5 6 7 10 | 10.0
Fighting       | 3 4 5 |  5.0
Axes           | 4 5 6 8 9 10 12 | 12.7
Invocations    | 4 7 |  7.0
Throwing       | |  1.7
Dodging        | |  2.6

Action                     |  1- 3 |  4- 6 |  7- 9 | 10-12 || total
---------------------------+-------+-------+-------+-------++-------
  Melee: Dagger            |    41 |   109 |       |       ||   150
         War axe           |    42 |   117 |   226 |   284 ||   669
         Whip              |       |    12 |   225 |   281 ||   518
  Throw: Throwing net      |       |       |       |     1 ||     1
  Evoke: Wand              |       |       |     2 |       ||     2
    Use: Scroll            |     6 |     2 |     6 |     5 ||    19
         Potion            |       |     1 |     3 |     1 ||     5
   Stab: Sleeping          |       |     1 |       |       ||     1
         Held in net/web   |       |       |       |     1 ||     1
 Armour: Leather armour    |    23 |   128 |   165 |       ||   316
         Ring mail         |       |       |    52 |    30 ||    82
         Plate armour      |       |       |       |   277 ||   277
  Dodge: Dodged            |    36 |   121 |   185 |   104 ||   446

Illustrated notes

Table legend:
 A = Kills in this place as a percentage of kills in the entire game.
 B = Kills by you in this place as a percentage of kills by you in the entire game.
 C = Kills by friends in this place as a percentage of kills by friends in the entire game.
 D = Other kills in this place as a percentage of other kills in the entire game.
 E = Experience gained in this place as a percentage of experience gained in the entire game.
 F = Experience gained in this place divided by the number of levels of this place that you have seen.
                   A       B       C       D       E      F
               +-------+-------+-------+-------+-------+----------------------
         Total | 100.0 | 100.0 |   N/A |   N/A | 100.0 | 1563.4
       Dungeon |  90.6 |  90.6 |   N/A |   N/A |  99.0 | 1856.6
         Sewer |   9.4 |   9.4 |   N/A |   N/A |   1.0 | 195.0
               +-------+-------+-------+-------+-------+----------------------

Table legend: (Time is in decaauts)
 A = Elapsed time spent in this place.
 B = Non-inter-level travel time spent in this place.
 C = Inter-level travel time spent in this place.
 D = Time resting spent in this place.
 E = Time spent auto-exploring this place.
 F = Levels seen in this place.
 G = Mean time per level.
                   A        B        C        D        E       F      G
               +--------+--------+--------+--------+--------+-----+--------+
         Total |  10442 |  10245 |    197 |    795 |   7340 |  12 |  870.2 |
       Dungeon |   9678 |   9509 |    169 |    795 |   6923 |  10 |  967.8 |
        Temple |     30 |      2 |     28 |      0 |      0 |   1 |   30.0 |
         Sewer |    733 |    733 |      0 |      0 |    417 |   1 |  733.0 |
               +--------+--------+--------+--------+--------+-----+--------+

Top non-repeatable levels by time:
     D:9: 1597 daAuts
     D:7: 1355 daAuts
     D:6: 1219 daAuts
     D:5: 1150 daAuts
     D:4: 1083 daAuts
     D:2: 932 daAuts
     D:8: 920 daAuts
   Sewer: 733 daAuts
     D:3: 700 daAuts
     D:1: 509 daAuts
    D:10: 209 daAuts
  Temple: 30 daAuts
